 Dungeon Crawl Stone Soup version 0.31-a0-876-gfe8ebadbca (webtiles) character file.

Game seed: 2830385752637103958

1104 CowFu the Ducker (level 8, -10/50 HPs)
             Began as a Djinni Fire Elementalist on Oct 14, 2023.
             Killed from afar by a white imp (15 damage)
             ... with a puff of frost
             ... summoned by a kobold demonologist
             ... on level 5 of the Dungeon.
             The game lasted 00:09:53 (4546 turns).

CowFu the Ducker (Djinni Fire Elementalist)         Turns: 4546, Time: 00:09:53

Health: -10/50     AC:  4    Str:  7    XL:     8   Next: 58%
Gold:   54         EV: 15    Int: 19    God:
                   SH:  0    Dex: 14

rFire   + + +        j - staff of fire
rCold   x . .        (no shield)
rNeg    . . .        a - +0 robe
rPois   ∞            (no helmet)
rElec   .            (no cloak)
rCorr   .            g - +1 pair of gloves
SInv    .            (boots unavailable)
Will    .....        (no amulet)
Stlth   +++          (no ring)
HPRegen 0.28/turn    (no ring)
MPRegen 0.00/turn

%: infuse magic (-11 HP)
@: flying, very slightly contaminated, hasted, very quick
A: sickness immunity, fire resistance 2, cold vulnerability 1, float, innate
caster, HP casting, extra vitality 1
a: no special abilities


You were on level 5 of the Dungeon.
You visited 1 branch of the dungeon, and saw 5 of its levels.

You collected 354 gold pieces.
You spent 300 gold pieces at shops.

Inventory:

Hand Weapons
 b - a +0 whip of electrocution
 c - a +0 quarterstaff
Missiles
 h - a throwing net
Armour
 a - a +0 robe (worn)
 g - a +1 pair of gloves (worn)
Magical Staves
 j - a staff of fire (weapon)
Scrolls
 e - 2 scrolls of identify
 f - a scroll of poison
Potions
 k - a potion of degeneration {unknown}
 l - a potion of attraction
 m - a potion of berserk rage {unknown}


   Skills:
 + Level 6.6 Dodging
 + Level 5.4 Stealth
 + Level 4.7 Spellcasting
 + Level 4.7 Conjurations
 + Level 4.7 Hexes
 + Level 4.7 Summonings
 + Level 4.7 Necromancy
 + Level 4.7 Translocations
 + Level 4.7 Transmutations
 + Level 4.7 Fire Magic
 + Level 4.7 Ice Magic
 + Level 4.7 Air Magic
 + Level 4.7 Earth Magic
 + Level 4.7 Poison Magic


You knew the following spells:

 Your Spells              Type           Power      Damage    Failure   Level
a - Foxfire               Conj/Fire      100%       2x1d9     1%          1
b - Scorch                Fire           66%        2d7       2%          2
c - Volatile Blastmotes   Fire/Tloc      66%        2d15      5%          3
d - Inner Flame           Hex/Fire       33%        N/A       5%          3
e - Flame Wave            Conj/Fire      33%        2d10      19%         4
f - Slow                  Hex            88%        N/A       1%          1
g - Momentum Strike       Conj/Tloc      44%        3d9       2%          2
h - Sigil of Binding      Hex            22%        N/A       5%          3
Your spell library was empty.

Dungeon Overview and Level Annotations

Branches:
Dungeon (5/15)
 Temple: D:4-7

Altars:
Gozag
Trog

Shops:
D:3 (   D:5 *


Innate Abilities, Weirdness & Mutations

You are immune to sickness and miasma.
You are immune to poison.
Your flesh is very heat resistant. (rF++)
You are vulnerable to cold. (rC-)
You float through the air rather than walking.
You learn spells naturally, not from books.
Your magical power is your life essence.
You have superior vitality. (+4 MHP)


Message History

The white imp is burned terribly!
You kill the white imp!
The white imp disappears in a puff of smoke!
* * * LOW HITPOINT WARNING * * *
The kobold demonologist casts a spell.
Casting: Scorch (safe; 2% risk of failure)
Confirm with . or Enter, or press ? or * to list all spells.
You feel a surge of power!
Flames lash the ufetubus.
The ufetubus is burned terribly!
You kill the ufetubus!
The ufetubus disappears in a puff of smoke!
* * * LOW HITPOINT WARNING * * *
The kobold demonologist casts a spell.
The red devil misses you.
Casting: Scorch (safe; 2% risk of failure)
Confirm with . or Enter, or press ? or * to list all spells.
You don't know that spell.
As you read the scroll labelled WUCHOB PIEDGH, it crumbles to dust.
Your body is wracked with pain!
* * * LOW HITPOINT WARNING * * *
The kobold demonologist convulses!
It was a scroll of torment.
The kobold demonologist looks braver for a moment.
The smoke demon gestures at you.
The sticky flame hits you but does no damage.
You resist.
You are covered in liquid flames!
The red devil barely misses you.
You feel yourself speed up.
You are covered in liquid flames!
* * * LOW HITPOINT WARNING * * *
The kobold demonologist begins to cast a cantrip, but forgets the words!
The red devil barely misses you.
You are covered in liquid flames!
The kobold demonologist mumbles some strange words.
You are covered in liquid flames!
You are covered in liquid flames!
You are no longer on fire.
The white imp gestures at you. The puff of frost hits you!
You feel a terrible chill!
You die...

........# ...........##
.............<.
#...............
#...............
#........).#....
#########............).)
..........#.......)#..#.
.......@......##...##...
.###.###......###....##.
... #..3...###..#.##.
.⌠..#4†K........#.#..
⌠⌠⌠......#....#.#.#.#
.⌠..#..5..#.....#.#.#
.....#...............#
##.# ###.###.#.#......
... §... #.#.......#


You could see a kobold demonologist (combustible), a smoke demon (summoned), a
red devil (summoned) and a white imp (summoned).

Vanquished Creatures
  Menkaure (D:5)
  An ice beast (D:3)
  The ghost of Fidwusch the Insei, an amateur HuSh (D:3)
  A phantom (D:5)
  A gnoll sergeant (D:5)
  A scorpion (D:4)
  A jelly (D:4)
  An orc priest (D:5)
  2 hounds (D:5)
  A sleepcap (D:5)
  Natasha (thrice) (D:2)
  2 iguanas (D:4)
  5 orc wizards
  A river rat (D:3)
  8 adders
  2 shadow imps
  A white imp (D:5)
  An ufetubus (D:5)
  2 worms
  4 dart slugs
  12 orcs
  9 bats
  8 endoplasms
  5 giant cockroaches
  9 goblins
  5 hobgoblins
  2 quokkas
  12 ball pythons
  9 frilled lizards
  6 kobolds
  4 rats
121 creatures vanquished.

Vanquished Creatures (collateral kills)
  A foxfire (D:4)
1 creature vanquished.

Vanquished Creatures (others)
  439 foxfires
439 creatures vanquished.

Grand Total: 561 creatures vanquished

Notes
Turn   | Place    | Note
-------+----------+-------------------------------------------
     0 | D:1      | CowFu the Djinni Fire Elementalist began the quest for the
                  | Orb.
     0 | D:1      | CowFu set off with the following spells memorised: Foxfire,
                  | Scorch, Volatile Blastmotes, Inner Flame, Flame Wave.
     0 | D:1      | Reached XP level 1. HP: 15/15 MP: 0/0
   135 | D:1      | Reached XP level 2. HP: 16/21 MP: 0/0
   497 | D:1      | Reached XP level 3. HP: 22/25 MP: 0/0
   497 | D:1      | Learned a level 1 spell: Slow
  1535 | D:2      | Reached skill level 3 in Dodging
  1570 | D:2      | Reached XP level 4. HP: 26/31 MP: 0/0
  1598 | D:2      | Noticed Natasha
  1605 | D:2      | Killed Natasha
  1870 | D:2      | Noticed Natasha
  1875 | D:2      | Killed Natasha
  1876 | D:2      | Reached XP level 5. HP: 31/35 MP: 0/0
  1876 | D:2      | Learned a level 2 spell: Momentum Strike
  1929 | D:2      | Noticed Natasha
  1932 | D:2      | Killed Natasha
  2042 | D:3      | Found Nuer's Weapon Boutique.
  2106 | D:3      | Reached skill level 4 in Dodging
  2114 | D:3      | Reached XP level 6. HP: 2/40 MP: 0/0
  2117 | D:3      | HP: 2/60 [adder (3)]
  2425 | D:3      | Noticed an ice beast
  2442 | D:3      | HP: 2/40 [ice beast (15)]
  2443 | D:3      | Killed an ice beast
  2728 | D:3      | Found a bloodstained altar of Trog.
  2874 | D:3      | Found a runed translucent gate.
  2875 | D:3      | Found a runed translucent gate.
  2876 | D:3      | Found a runed translucent gate.
  2877 | D:3      | Found an opulent altar of Gozag.
  2879 | D:3      | Noticed Fidwusch's ghost (amateur HuSh)
  3448 | D:3      | Killed Fidwusch's ghost
  3449 | D:3      | Reached skill level 5 in Dodging
  3449 | D:3      | Reached XP level 7. HP: 25/45 MP: 0/0
  3449 | D:3      | Learned a level 3 spell: Sigil of Binding
  4151 | D:5      | Entered Level 5 of the Dungeon
  4154 | D:5      | Noticed Menkaure
  4158 | D:5      | Killed Menkaure
  4159 | D:5      | Reached XP level 8. HP: 44/50 MP: 0/0
  4163 | D:5      | Reached skill level 6 in Dodging
  4182 | D:5      | Reached skill level 5 in Stealth
  4377 | D:5      | Found Myuclil's Fire Supplies.
  4383 | D:5      | Bought a staff of fire for 300 gold pieces
  4532 | D:5      | Noticed a kobold demonologist
  4541 | D:5      | Noticed a red devil
  4542 | D:5      | Noticed a smoke demon
  4546 | D:5      | Killed from afar by a white imp

Illustrated notes

Levels and vault maps discovered:
D:1:      minmay_arrival_four_loops, layout_basic, minmay_indecisive_spiral
D:2:      layout_rooms, uniq_natasha
D:3:      layout_loops_corners, mainiacjoe_overflow_catwalk,
          ebering_ghost_gozag, portal_sewer_entry_e, serial_shops,
          nicolae_shop_bloodbath_and_beyond
D:4:      layout_rooms
D:5:      layout_rooms, serial_shops, nicolae_shop_pleasant_corner_grove,
          small_statue_intersection, nicolae_shop_fire_sale
          [nicolae_sub_dead_trees], minmay_chambers_of_fives, uniq_menkaure

Skill      XL: |  1  2  3  4  5  6  7  8 |
---------------+-------------------------+-----
Spellcasting   | 4 |  4.7
Conjurations   | 4 |  4.7
Hexes          | 4 |  4.7
Summonings     | 4 |  4.7
Necromancy     | 4 |  4.7
Translocations | 4 |  4.7
Transmutations | 4 |  4.7
Fire Magic     | 4 |  4.7
Ice Magic      | 4 |  4.7
Air Magic      | 4 |  4.7
Earth Magic    | 4 |  4.7
Poison Magic   | 4 |  4.7
Stealth        | 2 3 4 5 |  5.4
Dodging        | 3 4 5 6 |  6.6

Action                     |  1- 3 |  4- 6 |  7- 9 || total
---------------------------+-------+-------+-------++-------
  Melee: Club              |     3 |     3 |       ||     6
   Cast: Foxfire           |   115 |    60 |    82 ||   257
         Scorch            |     2 |    37 |    32 ||    71
         Volatile Blastmot |       |     6 |       ||     6
    Use: Potion            |       |     4 |     1 ||     5
         Scroll            |       |       |     9 ||     9
 Armour: Robe              |     7 |    27 |     6 ||    40
         Skin              |       |    12 |       ||    12
  Dodge: Dodged            |    13 |    17 |    14 ||    44

Table legend: (Time is in decaauts)
 A = Elapsed time spent in this place.
 B = Non-inter-level travel time spent in this place.
 C = Inter-level travel time spent in this place.
 D = Time resting spent in this place.
 E = Time spent auto-exploring this place.
 F = Levels seen in this place.
 G = Mean time per level.
                   A        B        C        D        E       F      G
               +--------+--------+--------+--------+--------+-----+--------+
         Total |   4543 |   4482 |     61 |      0 |   3603 |   5 |  908.6 |
       Dungeon |   4543 |   4482 |     61 |      0 |   3603 |   5 |  908.6 |
               +--------+--------+--------+--------+--------+-----+--------+

Top non-repeatable levels by time:
     D:3: 1496 daAuts
     D:1: 1466 daAuts
     D:4: 613 daAuts
     D:2: 573 daAuts
     D:5: 393 daAuts
